Unix NetHack Version 5.0.0-0 post-release - last build May 10 2026 23:12:36 (d1fa5d53e341ca933230fdaa984d921c805b60aa,branch:main).

Game began 2026-05-15 08:20:41, ended 2026-05-15 08:38:06.

GdeVolpiano, lawful male human Archeologist

                      -------
                     --..--.-----                           --------
            ------   |..........|                           -..|.|.|
            |....--  |-.........|                        -   ......
           --.....|  |.(.......--                 --     . --.....-
           |.....-| --...)).<..|                  |.    ..--......|
           |..--..| |......*...--                 -... - -....-..--
   ---------.-||..------........|                   -G.G |........---
   |..........---...-- --......--                      -.G@.........|
   |..--.............| --....*.|    ---                ----.........|
   --- |.....----....---*.)--..|    |.                   |........---
       |......................-------.-                  |>....h..|
       --..-------....*.-----.).......--            ------....d...--
        ----   |.....----   ---..|..|..|          ---.--...........-
               |....--      ---..|..|..|   ----   |........|.|..--...
              --..^.--     --..........-----..-----......-----.-- ----
              |...)).---  --...)........................--    --
              --.......|  |.........---...-....----.--.--
               |..---..|  --.--....-- ---.....)|  ------
               |..|  ---   -- ------    --..|.--
               ----                      ------
GdeVolpiano the Field Worker  St:10 Dx:10 Co:11 In:16 Wi:18 Ch:10  Lawful
Dlvl:3  $:851 HP:0(31) Pw:25(25) AC:7  Xp:4 T:1441 

Latest messages:
 You finish eating the lichen corpse.
 Where do you want to travel to?
 (For instructions type a '?')
 You hit the shrieker.
 You hit the shrieker.
 You miss the shrieker.
 You miss the shrieker.
 You hit the shrieker.
 You miss the shrieker.
 You kill the shrieker!
 Welcome to experience level 4.
 You see here a shrieker corpse.
 There is a shrieker corpse here; eat it? [ynq] (n)
 This shrieker corpse tastes okay.
 You finish eating the shrieker corpse.
 Where do you want to travel to?
 (For instructions type a '?')
 You descend the stairs.
 You see here 35 rocks.
 Indy picks up a rusty dagger.
 Indy drops a rusty dagger.
 You see here a rock.
 You see here a dagger.
 You swap places with Indy.
 You see here a rusty dagger.
 Indy picks up a rusty dagger.
 Indy drops a rusty dagger.
 You swap places with the peaceful hobbit.
 Indy misses the hobbit.
 Indy bites the hobbit.
 The hobbit is killed!
 You see here a dagger.
 Indy bites the hobbit.
 Indy bites the hobbit.
 The hobbit is killed!
 Indy eats a hobbit corpse.
 You kill the lichen!
 The gnome lord shoots 3 crossbow bolts!
 You are hit by the 1st crossbow bolt!
 You are hit by the 2nd crossbow bolt!
 You are hit by the 3rd crossbow bolt.
 You hit the gnome lord.
 The gnome lord swings his crossbow.
 The gnome lord hits!
 You hit the gnome lord!
 The gnome lord swings his crossbow.
 The gnome lord hits!
 You die...
 Do you want your possessions identified? [ynq] (y)
 Do you want to see your attributes? [ynq] (y)

Inventory:
 Coins    ('$')
  $ - 851 gold pieces
 Armor    ('[')
  c - an uncursed +0 fedora (being worn)
  u - an uncursed +0 pair of iron shoes (being worn)
  b - an uncursed +0 leather jacket (being worn)
 Comestibles  ('%')
  d - 5 uncursed food rations
  k - 2 uncursed lichen corpses
 Tools    ('(')
  h - an empty uncursed sack
  p - an uncursed oil lamp
  e - a +0 pick-axe (weapon in right hand)
 Gems/Stones  ('*')
  g - an uncursed touchstone

GdeVolpiano the Archeologist's attributes:

Background:
 You were a Field Worker, a level 4 male human Archeologist.
 You were lawful, on a mission for Quetzalcoatl
 who was opposed by Camaxtli (neutral) and Huhetotl (chaotic).
 You were right-handed.
 You were in the Gnomish Mines, on level 3.
 You entered the dungeon 1441 turns ago.
 You had 86 experience points, 74 more were needed to attain level 5.

Basics:
 You had 0 out of 31 hit points.
 You had all 25 energy points (spell power).
 Your armor class was 7.
 Your wallet contained 851 zorkmids.
 Autopickup was off.

Final Characteristics:
 Your strength was 10 (limit:18/100).
 Your dexterity was 10 (limit:18).
 Your constitution was 11 (limit:18).
 Your intelligence was 16 (limit:18).
 Your wisdom was 18 (limit:18).
 Your charisma was 10 (limit:18).

Final Status:
 You weren't hungry.
 You were unencumbered.
 You were wielding a pick-axe.
 You had basic skill with pick-axe.

Final Attributes:
 You were devoutly aligned.
 You had automatic searching.
 You were lucky.
 You are dead.

Miscellaneous:
 You didn't encounter any bones levels.
 Total elapsed playing time was 17 minutes and 11 seconds.

Major events:
 Turn
    1: GdeVolpiano the lawful male human Archeologist entered the dungeon
  663: attained the rank of Field Worker (level 3)
  734: entered the Gnomish Mines
 1441: killed by a gnome lord

You didn't know any spells.

Skills:
 Fighting Skills
   bare handed combat [Unskilled]
   two weapon combat  [Unskilled]
   riding             [Unskilled]
 Weapon Skills
   dagger             [Unskilled]
   knife              [Unskilled]
   pick-axe           [Basic]
   short sword        [Unskilled]
   saber              [Unskilled]
   club               [Unskilled]
   quarterstaff       [Unskilled]
   sling              [Unskilled]
   dart               [Unskilled]
   boomerang          [Unskilled]
   whip               [Basic]
   unicorn horn       [Unskilled]
 Spellcasting Skills
   attack spells      [Unskilled]
   healing spells     [Unskilled]
   divination spells  [Unskilled]
   matter spells      [Unskilled]

Voluntary challenges:
 Character rerolling was not enabled.
 You never genocided any monsters.
 You never polymorphed an object.
 You never changed form.
 You used no wishes.
Achievements:
 You entered a shop.
 You attained the rank of Field Worker.
 You entered the Gnomish Mines.

 The Dungeons of Doom: levels 1 to 3
    Level 1:
    Level 2:
       A food shop, an altar to Quetzalcoatl, a grave.
       Stairs down to The Gnomish Mines.
    Level 3:
 The Gnomish Mines:
    Level 3: <- You were here.
       Final resting place for
          you, killed by a gnome lord.


Vanquished creatures:
  a shrieker
  a dwarf
  2 hobbits
  a cave spider
  a yellow mold
  a red mold
  6 gnomes
  a gnome zombie
  5 jackals
  a fox
  2 kobolds
  a sewer rat
  a grid bug
  a bat
  6 lichens
  2 kobold zombies
  4 newts
37 creatures vanquished.

No species were genocided or became extinct.

Game over:
                       ----------
                      /          \
                     /    REST    \
                    /      IN      \
                   /     PEACE      \
                  /                  \
                  |   GdeVolpiano    |
                  |      851 Au      |
                  |   killed by a    |
                  |    gnome lord    |
                  |                  |
                  |                  |
                  |       2026       |
                 *|     *  *  *      | *
        _________)/\\_//(\/(/\)/\//\/|_)_______

Goodbye GdeVolpiano the Archeologist...

You died in The Gnomish Mines on dungeon level 3 with 1210 points,
and 851 pieces of gold, after 1441 moves.
You were level 4 with a maximum of 31 hit points when you died.

